General information
- name: BNet
- type: Ladder 1vs1/FFA
- host: Battle.net
- saver: paypal4freewin
map: TwistedMeadows
- players: 2
- length: 03:10
- speed: Fast
- version: 1.26 W3XP
- replay type: Public
» download(10 KB)
Players
team 1 (winner)
paypal4freewin (
green | 78 APM | 248 actions | 03:10)
2 Archmage
1 Blizzard
1 Brilliance Aura
» actions
| Assign group hotkey | 15 | |
| Build / train | 20 | |
| Enter build submenu | 7 | |
| Enter hero's abilities submenu | 2 | |
| Right click | 112 | |
| Select / deselect | 48 | |
| Select group hotkey | 31 | |
| Use ability | 13 | |
248 total
» units
» buildings
| Altar of Kings | 1 | |
| Farm | 3 | |
| Arcane Vault | 1 | |
| Lumber Mill | 1 | |
| Scout Tower | 1 | |
| Arcane Tower | 1 | |
8 total
» build order
00:04 Altar of Kings
00:27 Farm
00:28 Farm
01:07 Arcane Vault
01:20 Lumber Mill
01:23 Scout Tower
01:54 Farm
02:21 Arcane Tower
» items
| Scroll of Regeneration | 1 | |
| Lesser Clarity Potion | 1 | |
| Mechanical Critter | 1 | |
3 total
team 2 (loser)
Big.Smok (
orange | 68 APM | 214 actions | 03:09)
1 Archmage
1 Summon Water Elemental
» actions
| Basic commands | 1 | |
| Build / train | 14 | |
| Enter build submenu | 7 | |
| Enter hero's abilities submenu | 1 | |
| Right click | 136 | |
| Select / deselect | 40 | |
| Use ability | 15 | |
214 total
» units
» buildings
| Altar of Kings | 1 | |
| Farm | 3 | |
| Barracks | 1 | |
| Scout Tower | 1 | |
6 total
» build order
00:08 Altar of Kings
00:24 Farm
00:31 Barracks
00:46 Farm
01:51 Scout Tower
02:04 Farm
Chat log
(03:06 / All) Big.Smok: gg